 Dungeon Crawl Stone Soup version 0.22-a0-812-g4c1e2d5471 (webtiles) character file.

5379 Bapho the Basher (level 10, 0/88 (98) HPs)
             Began as a Troll Monk on July 23, 2018.
             Was an Elder of Okawaru.
             Hit by a stone thrown by something (4 damage)
             ... on level 8 of the Dungeon.
             The game lasted 00:24:01 (9751 turns).

Bapho the Basher (Troll Monk)                       Turns: 9751, Time: 00:24:01

HP:   0/88 (98)     AC:  2    Str: 24    XL:     10   Next: 39%
MP:   9/9           EV: 12    Int:  6    God:    Okawaru [****..]
Gold: 13            SH:  0    Dex: 12    Spells: 9/9 levels left

rFire    . . .     SeeInvis .   E - +0 giant club
rCold    . . .     Gourm    +   (shield currently unavailable)
rNeg     . . .     Faith    .   b - +0 robe
rPois    .         Spirit   .   (helmet restricted)
rElec    .         Reflect  .   H - +0 cloak
rCorr    .         Harm     .   (gloves unavailable)
MR       .....                  (boots unavailable)
Stlth    +++.......             (no amulet)
HPRegen  0.64/turn              l - ring of stealth
MPRegen  0.11/turn              (no ring)

@: corroded
A: large, unfitting armour, claws 3, fast metabolism 3, gourmand, regeneration
1, shaggy fur 1, tough skin 2
a: Heroism, Renounce Religion


You were on level 8 of the Dungeon.
You worshipped Okawaru.
Okawaru was greatly pleased with you.
You were very full.

You visited 1 branch of the dungeon, and saw 9 of its levels.
You also visited: Sewer.

You collected 13 gold pieces.

Inventory:

Hand Weapons
 a - a +0 mace
 E - a +0 giant club (weapon)
Missiles
 d - 95 stones (quivered)
Armour
 b - a +0 robe (worn)
 H - a +0 cloak (worn)
Jewellery
 l - a ring of stealth (left claw)
 n - an uncursed ring of attention
 B - a +3 ring of strength {unknown}
 G - an uncursed ring of fire {unknown}
Wands
 q - a wand of flame (31)
 t - a wand of enslavement (34)
 y - a wand of digging (9)
 F - a wand of paralysis (11)
Scrolls
 e - a scroll of noise {unknown}
 h - a scroll of immolation {unknown}
 j - 3 scrolls of teleportation
 k - a scroll of blinking {unknown}
 m - 3 scrolls of remove curse
 r - a scroll of magic mapping {unknown}
 x - a scroll of enchant armour {unknown}
 A - a scroll of enchant weapon {unknown}
 C - 3 scrolls of holy word {unknown}
 D - 3 scrolls of identify
 I - 2 scrolls of fog {unknown}
Potions
 f - 3 potions of agility
 g - a potion of curing
 i - 4 potions of flight
 o - a potion of brilliance
 p - a potion of degeneration
 s - a potion of might {unknown}
 u - 2 potions of haste
 v - a potion of berserk rage {unknown}
 z - a potion of ambrosia {unknown}
Comestibles
 c - 19 rations


   Skills:
 - Level 6.1 Fighting
 * Level 11.5 Maces & Flails
 - Level 6.1 Dodging
 - Level 1.0 Stealth


You had 9 spell levels left.
You didn't know any spells.
Your spell library contained the following spells:

 Spells                   Type           Power        Failure   Level  Hunger
 Stone Arrow              Conj/Erth      #.....       83%         3    ####...
 Passwall                 Tmut/Erth      #.......     58%         2    ###....
 Lee's Rapid Deconstruct  Erth           #.........   100%        5    ######.
 Sandblast                Erth           #.....       45%         1    ##.....
 Petrify                  Tmut/Erth      #.......     99%         4    #####..


Dungeon Overview and Level Annotations

Branches:
Dungeon (9/15)             Temple (0/1) D:5
   Lair: D:8-11         Orc: D:9-12

Altars:
Ashenzari
Kikubaaqudgha
Okawaru
Ru
Sif Muna
Uskayaw

Shops:
D:5 *

Annotations:
D:8 Maurice


Innate Abilities, Weirdness & Mutations

You are too large for most types of armour.
You have claws for hands.
Your metabolism is lightning-fast.
You like to eat raw meat.
Your natural rate of healing is unusually fast.
You are covered in fur. (AC +1)
You have very tough skin. (AC +2)


Message History

The bullfrog hits you.
* * * LOW HITPOINT WARNING * * *
The bullfrog hits you but does no damage.
You sock the bullfrog!
You kill the bullfrog!
Okawaru accepts your kill.
Maurice mumbles some strange words.
Maurice flickers and vanishes!
Deactivating autopickup; reactivate with Ctrl-A.
You hear a zap.
A bolt of acid appears from out of thin air!
The bolt of acid hits you!
* * * LOW HITPOINT WARNING * * *
The acid corrodes you!
You are splashed with acid!
The acid burns!
* * * LOW HITPOINT WARNING * * *
A stone appears from out of thin air!
The stone hits you.
* * * LOW HITPOINT WARNING * * *
You see here a stone.
A stone appears from out of thin air!
The stone hits you.
You die...

.....())...##...........###
...(......##...........##
.........###...........#
.>......####..........##
)......####..........##
.......###...........#
..##(..............###
###.........####...#
##......##### #@..#
.#...(.## #.(## .#.(.(##
#.T# .#....# #..# )#.##.##
#..# ...##.)# ##{.# #####
#####<.# #...# #...####
#..# #...# ##....... ##.##
#...# ###..#.....


You could see a troll.

Vanquished Creatures
  A two-headed ogre (D:8)
  2 hippogriffs
  A spriggan (D:8)
  A hungry ghost (D:8)
  Menkaure (D:5)
  2 porcupines
  A water moccasin (D:5)
  An orc warrior (D:5)
  A black bear (D:5)
  3 ice beasts
  2 ogres
  2 sky beasts (D:5)
  7 necrophages
  2 centaurs
  4 big kobolds
  2 bullfrogs
  2 scorpions
  2 wights (D:7)
  2 howler monkeys
  5 crimson imps
  2 centaur zombies
  4 hounds
  2 quasits
  6 orc priests
  5 orc wizards
  A bullfrog skeleton (D:6)
  A gnoll shaman (D:5)
  An iguana (D:9)
  6 worker ants
  2 hound zombies (D:7)
  3 mummies (D:7)
  A worker ant zombie (D:7)
  13 gnolls
  6 adders
  A river rat (Sewer)
  A shadow imp (D:7)
  An ooze (D:2)
  2 adder zombies
  6 worms
  A dart slug (D:3)
  4 leopard geckos
  19 orcs
  7 bats
  9 giant cockroaches
  10 goblins
  8 hobgoblins
  10 jackals
  3 quokkas
  2 ball pythons (D:3)
  5 frilled lizards
  2 jackal skeletons
  A jackal zombie (D:7)
  30 kobolds
  A leopard gecko skeleton (D:4)
  A quokka skeleton (D:5)
  A quokka zombie (D:7)
  5 rats
  A rat zombie (D:6)
228 creatures vanquished.

Notes
Turn   | Place    | Note
-------+----------+-------------------------------------------
     0 | D:1      | Bapho the Troll Monk began the quest for the Orb.
     0 | D:1      | Reached XP level 1. HP: 22/22 MP: 0/0
   155 | D:1      | Reached skill level 3 in Maces & Flails
   155 | D:1      | Reached XP level 2. HP: 29/29 MP: 1/1
   736 | D:1      | Reached XP level 3. HP: 36/36 MP: 2/2
  1287 | D:2      | Reached XP level 4. HP: 44/44 MP: 3/3
  1769 | D:3      | Found a glowing drain.
  1799 | Sewer    | Entered a sewer
  1868 | Sewer    | Noticed a big kobold
  1909 | Sewer    | Killed a big kobold
  1909 | Sewer    | Reached skill level 4 in Maces & Flails
  1909 | Sewer    | Reached XP level 5. HP: 16/53 MP: 4/4
  2033 | Sewer    | Found a white marble altar of Elyvilon.
  3170 | D:4      | Reached XP level 6. HP: 56/61 MP: 5/5
  3345 | D:3      | Reached skill level 5 in Maces & Flails
  4081 | D:5      | Entered Level 5 of the Dungeon
  4081 | D:5      | Noticed Menkaure
  4132 | D:5      | Killed Menkaure
  4132 | D:5      | Reached XP level 7. HP: 32/70 MP: 6/6
  4268 | D:5      | Reached skill level 6 in Maces & Flails
  4604 | D:5      | Found a staircase to the Ecumenical Temple.
  4624 | D:5      | Found Xaeraxif's Assorted Antiques.
  4893 | D:5      | Reached XP level 8. HP: 74/79 MP: 7/7
  5375 | D:5      | Found an iron altar of Okawaru.
  5402 | D:5      | Became a worshipper of Warmaster Okawaru
  5402 | D:5      | Reached * piety under Okawaru
  5402 | D:5      | Reached ** piety under Okawaru
  5549 | D:5      | Reached skill level 7 in Maces & Flails
  5706 | D:5      | Reached skill level 5 in Fighting
  5706 | D:5      | Reached skill level 5 in Dodging
  6377 | D:6      | Found a shattered altar of Ashenzari.
  6401 | D:6      | Reached skill level 8 in Maces & Flails
  6496 | D:6      | Found a deep blue altar of Sif Muna.
  6584 | D:6      | Reached XP level 9. HP: 69/86 MP: 8/8
  6677 | D:6      | Found an ancient bone altar of Kikubaaqudgha.
  7063 | D:7      | Reached *** piety under Okawaru
  7195 | D:7      | Found a sacrificial altar of Ru.
  7321 | D:7      | Reached skill level 9 in Maces & Flails
  8056 | D:8      | Reached **** piety under Okawaru
  8056 | D:8      | Reached skill level 10 in Maces & Flails
  8609 | D:8      | Reached XP level 10. HP: 88/88 MP: 6/9
  9111 | D:9      | Noticed a two-headed ogre
  9134 | D:8      | Killed a two-headed ogre
  9134 | D:8      | Reached skill level 11 in Maces & Flails
  9528 | D:9      | Noticed Maurice
  9594 | D:9      | Found a hide-covered altar of Uskayaw.
  9750 | D:8      | HP: 3/88 [something (4)]
  9751 | D:8      | Hit by a stone thrown by something

Vault maps used:
D:1:      dpeg_arrival_three_smaller_balls
D:3:      cheibrodos_sewer_entry_sluice
D:4:      first_ration
D:5:      okawaru_altar_gauntlet_db, minmay_temple_entry_from_below_a,
          serial_shops, nicolae_shop_crystal, uniq_menkaure
D:6:      lemuel_blue_sif_altar, lemuel_zombie_altar_kikubaaqudgha,
          evilmike_ruin_ashenzari
D:7:      lemuel_coloured_pillars_altar, serial_undead, serial_undead_b,
          serial_undead_f, serial_undead_f, serial_undead_f, serial_undead_b,
          serial_undead_e, serial_undead_b, serial_undead_c, serial_undead_b,
          serial_undead_c
D:8:      the_bakery, st_stairs_1
D:9:      lemuel_doored_altar, nicolae_overflow_hidden_temple,
          grunt_lair_entry_orc_guard_hut, erik_orc_1, basic_altar, uniq_maurice
Sewer:    sewer_kobolds

Skill      XL: |  1  2  3  4  5  6  7  8  9 10 |
---------------+-------------------------------+-----
Maces & Flails | 3 4 5 6 8 10 11 | 11.5
Dodging        | 3 4 5 6 |  6.1
Fighting       | 3 4 5 6 |  6.1
Stealth        | |  1.0

Action                   |  1- 3 |  4- 6 |  7- 9 | 10-12 || total
-------------------------+-------+-------+-------+-------++-------
Melee: Mace              |   106 |   202 |       |       ||   308
       Flail             |       |    39 |   414 |       ||   453
       Giant club        |       |       |    82 |   143 ||   225
Throw: Stone             |    82 |   168 |   268 |    31 ||   549
Invok: Heroism           |       |       |     4 |     2 ||     6
  Use: Scroll            |       |     8 |       |       ||     8
       Potion            |       |     2 |     2 |     1 ||     5
 Stab: Sleeping          |       |     2 |     1 |       ||     3
  Eat: Chunk             |    17 |    27 |    36 |    18 ||    98
       Ration            |       |       |     1 |       ||     1
Armor: Robe              |    45 |    83 |   146 |    92 ||   366
Dodge: Dodged            |    95 |   166 |   318 |   182 ||   761

Table legend:
 A = Spawn XP
 B = Non-spawn XP
 C = Spawn XP percentage of total XP
 D = Spawn monster count
 E = Non-spawn monster count
 F = Spawn count percentage of total count
 G = Total turns spent on level
                    A         B        C        D         E        F      G
               +---------+---------+-------+---------+---------+-------+---------
         Total |       0 |    7685 |   0.0 |       0 |     228 |   0.0 |  9751
               +---------+---------+-------+---------+---------+-------+---------
           D:1 |       0 |      54 |   0.0 |       0 |      25 |   0.0 |   812
           D:2 |       0 |      64 |   0.0 |       0 |      17 |   0.0 |   934
           D:3 |       0 |     166 |   0.0 |       0 |      33 |   0.0 |  1013
           D:4 |       0 |     229 |   0.0 |       0 |      13 |   0.0 |  1026
           D:5 |       0 |    1529 |   0.0 |       0 |      40 |   0.0 |  1870
           D:6 |       0 |     647 |   0.0 |       0 |      14 |   0.0 |  1005
           D:7 |       0 |    1741 |   0.0 |       0 |      32 |   0.0 |  1030
           D:8 |       0 |    2904 |   0.0 |       0 |      38 |   0.0 |  1640
           D:9 |       0 |     233 |   0.0 |       0 |       7 |   0.0 |   125
         Sewer |       0 |     118 |   0.0 |       0 |       9 |   0.0 |   296
               +---------+---------+-------+---------+---------+-------+---------
